 Dungeon Crawl Stone Soup version 0.25-a0-737-g26c3a87c45 (webtiles) character file.

Game seed: 1319282616852821576, levelgen mode: deterministic

51 Maedhros the Sneak (level 3, 0/23 HPs)
             Began as an Octopode Artificer on Apr 12, 2020.
             Slain by a hobgoblin
             ... wielding a +0 club
              (1 damage)
             ... on level 3 of the Dungeon.
             The game lasted 00:00:39 (612 turns).

Maedhros the Sneak (Octopode Artificer)              Turns: 612, Time: 00:00:39

Health: 0/23       AC:  1    Str: 11    XL:     3   Next: 83%
Magic:  5/5        EV: 13    Int: 13    God:
Gold:   30         SH:  0    Dex: 13    Spells: 2/2 levels left

rFire    . . .     SeeInvis .   a - +0 short sword
rCold    . . .     Gourm    .   (no shield)
rNeg     . . .     Faith    .   (helmet restricted)
rPois    .         Spirit   .   (no amulet)
rElec    .         Reflect  .   (no ring)
rCorr    .         Harm     .   (no ring)
MR       .....                  (no ring)
Stlth    +++.......             (no ring)
HPRegen  0.07/turn              (no ring)
MPRegen  0.09/turn              (no ring)
                                (no ring)
                                (no ring)

@: no status effects
A: almost no armour, stealthy swim, amphibious, 8 rings, constrict 8, camouflage
1, gelatinous body 1
a: no special abilities


You were on level 3 of the Dungeon.
You were not hungry.

You visited 1 branch of the dungeon, and saw 3 of its levels.

You collected 30 gold pieces.

Inventory:

Hand Weapons
 a - a +0 short sword (weapon)
Wands
 b - a wand of flame (15)
 c - a wand of enslavement (13)
 d - a wand of random effects (15)
Scrolls
 e - a scroll of magic mapping {unknown}
 g - 2 scrolls of remove curse {unknown}
 h - a scroll of enchant armour {unknown}
 j - a scroll of fear {unknown}
Potions
 i - a potion of might {unknown}
 k - a potion of resistance {unknown}
 l - a potion of curing {unknown}
Comestibles
 f - 5 rations


   Skills:
 - Level 1.0 Fighting
 - Level 1.0 Short Blades
 - Level 2.0 Dodging
 + Level 3.7 Stealth
 + Level 2.2 Unarmed Combat
 - Level 3.2 Evocations


You had 2 spell levels left.
You didn't know any spells.
Your spell library was empty.

Dungeon Overview and Level Annotations

Branches:
Dungeon (3/15)

Altars:
Vehumet


Innate Abilities, Weirdness & Mutations

You cannot wear most types of armour.
You are very stealthy in the water. (Stealth+)
You are amphibious.
You can wear up to eight rings at the same time.
You can use your tentacles to constrict eight enemies at once.
Your skin changes colour to match your surroundings (Stealth+).
Your rubbery body absorbs attacks. (AC +1, EV +1)


Message History

The orc is lightly wounded.
You constrict the orc. The orc barely misses you.
You hit the orc.
You kill the orc!
You hit the orc. Your grab misses the orc.
The orc is heavily wounded.
A ball python comes into view.
The orc misses you.
The ball python hisses angrily.
You hit the orc but do no damage. You grab the orc.
The orc is heavily wounded.
You constrict the orc. The orc hits you with a +0 club!
* * * LOW HITPOINT WARNING * * *
You hit the orc but do no damage.
The orc is severely wounded.
You constrict the orc.
You kill the orc!
You hit the hobgoblin but do no damage. Your grab misses the hobgoblin.
Your squeeze misses the hobgoblin. The hobgoblin hits you with a +0 club.
You die...

#########
#.S<....#
#@#####.#
#g# #.#
... ##.
.# .# .#


You could see a hobgoblin and a ball python.

Vanquished Creatures
  3 adders (D:2)
  A leopard gecko (D:1)
  4 orcs (D:3)
  3 bats
  A giant cockroach (D:2)
  2 goblins (D:1)
  2 hobgoblins (D:1)
  2 kobolds (D:2)
  A quokka zombie (D:2)
  A rat (D:1)
20 creatures vanquished.

Notes
Turn   | Place    | Note
-------+----------+-------------------------------------------
     0 | D:1      | Maedhros the Octopode Artificer began the quest for the
                  | Orb.
     0 | D:1      | Reached XP level 1. HP: 13/13 MP: 3/3
   147 | D:1      | Reached skill level 1 in Unarmed Combat
   147 | D:1      | Reached XP level 2. HP: 10/18 MP: 4/4
   436 | D:2      | Reached XP level 3. HP: 23/23 MP: 5/5
   585 | D:2      | Found a radiant altar of Vehumet.
   610 | D:3      | HP: 1/23 [orc/+0 club (7)]
   612 | D:3      | Slain by a hobgoblin

Levels and vault maps discovered:
D:1:      enne_arrival_octagon_isle, layout_basic
D:2:      layout_loops_ring, lemuel_crystal_altar,
          lemuel_coloured_pillars_altar, first_ration, minmay_cut_off,
          uniq_natasha
D:3:      layout_loops_ring, chequers_ecumenical_altar_island, uniq_ijyb

Skill      XL: |  1  2  3 |
---------------+----------+-----
Stealth        | 2 3 |  3.7
Unarmed Combat | 1 2 |  2.2
Fighting       | |  1.0
Short Blades   | |  1.0
Dodging        | |  2.0
Evocations     | |  3.2

Action                   || total
-------------------------++-------
Melee: Short sword       ||    47
       Constrict         ||    12
       Tentacles         ||     9
Evoke: Wand              ||     2
 Stab: Sleeping          ||     6
Armor: Skin              ||     4
Dodge: Dodged            ||    25

Table legend:
 A = Non-vault XP
 B = Vault XP
 C = Vault XP percentage of total XP
 D = Non-vault monster count
 E = Vault monster count
 F = Vault count percentage of total count
                 A         B        C        D         E       F
            +---------+---------+-------+---------+---------+-------
      Total |      73 |       1 |   1.4 |      19 |       1 |   5.0
            +---------+---------+-------+---------+---------+-------
        D:1 |      15 |       0 |   0.0 |       8 |       0 |   0.0
        D:2 |      46 |       1 |   2.1 |       7 |       1 |  12.5
        D:3 |      12 |       0 |   0.0 |       4 |       0 |   0.0
            +---------+---------+-------+---------+---------+-------
